 Dungeon Crawl Stone Soup version 0.26.1-11-gd32895ea62 (webtiles) character file.

Game seed: 8492446458766813146

2874 Patoropollo the Skirmisher (level 9, -1/81 HPs)
             Began as a Minotaur Fighter on May 31, 2021.
             Was the Champion of Uskayaw.
             Killed from afar by an oklob plant (11 damage)
             ... with a splash of acid
             ... on level 7 of the Dungeon on June 1, 2021.
             The game lasted 00:27:30 (6238 turns).

Patoropollo the Skirmisher (Minotaur Fighter)       Turns: 6238, Time: 00:27:31

Health: -1/81      AC:  8    Str: 24    XL:     9   Next: 47%
Magic:  8/8        EV: 15    Int:  5    God:    Uskayaw [******]
Gold:   447        SH: 11    Dex: 10    Spells: 8/8 levels left

rFire    . . .     SeeInvis .   a - +3 long sword
rCold    . . .     Faith    .   c - +0 kite shield
rNeg     . . .     Spirit   .   b - +0 scale mail
rPois    .         Reflect  .   (helmet restricted)
rElec    .         Harm     .   u - +0 cloak
rCorr    .         Rampage  .   e - +2 pair of gloves
Will     .....                  f - +2 pair of boots
Stlth    ..........             n - amulet of regeneration
HPRegen  0.63/turn              l - +4 ring of protection
MPRegen  0.11/turn              A - +4 ring of evasion

@: corroded, invisible
A: retaliatory headbutt, horns 2
a: Renounce Religion, Stomp, Line Pass, Grand Finale


You were on level 7 of the Dungeon.
You worshipped Uskayaw.
Uskayaw was noncommittal.
You visited 2 branches of the dungeon, and saw 8 of its levels.

You collected 447 gold pieces.

Inventory:

Hand Weapons
 a - a +3 long sword (weapon)
Armour
 b - a +0 scale mail (worn)
 c - a +0 kite shield (worn)
 e - a +2 pair of gloves (worn)
 f - a +2 pair of boots (worn)
 u - a +0 cloak (worn)
Jewellery
 l - a +4 ring of protection (left hand)
 n - an amulet of regeneration (around neck)
 o - an uncursed ring of protection from cold
 w - an uncursed ring of willpower
 A - a +4 ring of evasion (right hand)
Wands
 s - a wand of flame (40)
 t - a wand of acid (10)
 E - a wand of digging (4)
Scrolls
 g - 3 scrolls of identify
 k - a scroll of blinking
 p - 2 scrolls of teleportation
 r - a scroll of amnesia
 v - 2 scrolls of remove curse
 y - a scroll of holy word {unknown}
 C - 2 scrolls of immolation {unknown}
 D - a scroll of magic mapping {unknown}
Potions
 d - a potion of might
 h - 3 potions of ambrosia
 i - a potion of attraction
 j - 2 potions of heal wounds
 m - a potion of haste
 q - 3 potions of curing
 x - a potion of flight
 z - a potion of degeneration
 F - a potion of lignification {unknown}


   Skills:
 + Level 7.9 Fighting
 + Level 7.4 Long Blades
 + Level 7.9 Armour
 + Level 6.2 Dodging
 + Level 7.9 Shields


You had 8 spell levels left.
You didn't know any spells.
Your spell library contained the following spells:

 Spells                   Type           Power        Failure   Level
 Magic Dart               Conj           0%           96%         1
 Searing Ray              Conj           0%           99%         2
 Dazzling Flash           Conj/Hex       0%           100%        3
 Fulminant Prism          Conj/Hex       0%           100%        4
 Iskenderun's Mystic Bla  Conj/Tloc      0%           100%        4


Dungeon Overview and Level Annotations

Branches:
Dungeon (7/15)             Temple (1/1) D:7

Altars:
Ashenzari
Cheibriados
Elyvilon
Gozag
Hepliaklqana
Kikubaaqudgha
Makhleb
Nemelex Xobeh
Okawaru
Qazlal
Ru
Sif Muna
Trog
Uskayaw
Vehumet
Xom
Zin

Annotations:
D:7 exclusion: oklob plant


Innate Abilities, Weirdness & Mutations

You reflexively headbutt those who attack you in melee.
You have a pair of horns on your head.


Message History

The oklob plant is moderately damaged.
You hit the oklob plant but do no damage.
You headbutt the oklob plant, but do no damage.
The oklob plant is moderately damaged.
The oklob plant spits acid at you. You block the splash of acid.
You hit the oklob plant but do no damage.
The oklob plant is moderately damaged.
You hit the oklob plant but do no damage.
You headbutt the oklob plant, but do no damage.
The oklob plant is moderately damaged.
The oklob plant spits acid at you. The splash of acid hits you.
* * * LOW HITPOINT WARNING * * *
You are splashed with acid!
* * * LOW HITPOINT WARNING * * *
You fade into invisibility!
The oklob plant spits acid at you. The splash of acid hits you!
You die...

#####
###...###
#.......####
#...P@..'..#
#P......##.#
###...####.#
##### #.#
##.# #..#
##.#######
#>........
#.########


You could see an oklob plant.

Vanquished Creatures
  The ghost of eooof the Ducker, an amateur GnMo of Jiyva (D:4)
  Sigmund (D:2)
  A wyvern (D:6)
  An orc warrior (D:7)
  An ice beast (D:6)
  A phantom (D:5)
  2 centaurs
  2 bullfrogs
  3 scorpions
  6 howler monkeys
  3 hounds
  3 orc priests
  Crazy Yiuf (D:2)
  8 jellies (D:7)
  12 orc wizards
  3 bullfrog skeletons
  Natasha (thrice) (D:2)
  5 worker ants
  A hound skeleton (D:6)
  A worker ant zombie (D:6)
  Robin (D:2)
  3 gnolls (D:4)
  6 adders
  A shadow imp (D:5)
  A white imp (D:7)
  2 ufetubi
  12 oozes
  An adder zombie (D:5)
  An adder skeleton (D:4)
  6 worms
  A dart slug (D:1)
  6 leopard geckos
  18 orcs
  2 ball pythons
  9 bats
  7 giant cockroaches
  15 goblins
  15 hobgoblins
  7 jackals
  2 quokkas
  6 frilled lizards
  5 kobolds
  A leopard gecko skeleton (D:5)
  A leopard gecko zombie (D:7)
  A quokka skeleton (D:4)
  A quokka zombie (D:5)
  6 rats
196 creatures vanquished.

Vanquished Creatures (others)
  An adder (D:2)
  A ball python (D:2)
  6 fungi (D:7)
  A plant (D:3)
9 creatures vanquished.

Grand Total: 205 creatures vanquished

Notes
Turn   | Place    | Note
-------+----------+-------------------------------------------
     0 | D:1      | Patoropollo the Minotaur Fighter began the quest for the
                  | Orb.
     0 | D:1      | Reached XP level 1. HP: 19/19 MP: 0/0
   231 | D:1      | Reached XP level 2. HP: 27/27 MP: 1/1
   464 | D:1      | Reached skill level 1 in Dodging
   930 | D:2      | Noticed Robin
   932 | D:2      | Reached XP level 3. HP: 33/33 MP: 2/2
   945 | D:2      | Killed Robin
  1252 | D:2      | Reached XP level 4. HP: 40/40 MP: 3/3
  1367 | D:2      | Found a runed translucent door.
  1368 | D:2      | Noticed Crazy Yiuf
  1391 | D:2      | Noticed a bullfrog
  1407 | D:2      | Killed a bullfrog
  1408 | D:2      | Reached XP level 5. HP: 31/47 MP: 4/4
  1612 | D:2      | Noticed Natasha
  1625 | D:2      | Killed Natasha
  1813 | D:2      | Found a radiant altar of Vehumet.
  1999 | D:2      | Noticed Natasha
  2007 | D:2      | Killed Natasha
  2046 | D:2      | Noticed Natasha
  2053 | D:2      | Killed Natasha
  2054 | D:2      | Reached XP level 6. HP: 55/55 MP: 5/5
  2114 | D:2      | Noticed Sigmund
  2126 | D:2      | Killed Sigmund
  2127 | D:2      | Reached skill level 5 in Fighting
  2127 | D:2      | Reached skill level 5 in Armour
  2127 | D:2      | Reached skill level 5 in Shields
  2255 | D:2      | Killed Crazy Yiuf
  2420 | D:3      | Reached XP level 7. HP: 38/61 MP: 6/6
  2785 | D:3      | Found an opulent altar of Gozag.
  2993 | D:3      | Found a stormy altar of Qazlal.
  3212 | D:4      | Reached skill level 5 in Long Blades
  3307 | D:4      | Reached XP level 8. HP: 66/70 MP: 7/7
  3341 | D:4      | Found a white marble altar of Elyvilon.
  3399 | D:4      | Found a large runed translucent door.
  3400 | D:4      | Found a large runed translucent door.
  3402 | D:4      | Noticed eooof's ghost (amateur GnMo)
  3544 | D:4      | Found a broken altar of Ashenzari.
  3710 | D:4      | Killed eooof's ghost
  3772 | D:5      | Entered Level 5 of the Dungeon
  3772 | D:5      | Found a snail-covered altar of Cheibriados.
  3827 | D:5      | Reached skill level 5 in Dodging
  4499 | D:6      | Reached XP level 9. HP: 79/79 MP: 8/8
  4522 | D:6      | Found an iron altar of Okawaru.
  5464 | D:6      | Found a glowing silver altar of Zin.
  5729 | D:7      | Found a burning altar of Makhleb.
  5823 | D:7      | Found a staircase to the Ecumenical Temple.
  5851 | Temple   | Entered the Ecumenical Temple
  5983 | Temple   | Became a worshipper of Uskayaw the Reveller
  6072 | D:7      | Reached * piety under Uskayaw
  6076 | D:7      | Reached ** piety under Uskayaw
  6177 | D:7      | Noticed an oklob plant
  6187 | D:7      | Reached *** piety under Uskayaw
  6195 | D:7      | Reached **** piety under Uskayaw
  6205 | D:7      | Reached ***** piety under Uskayaw
  6218 | D:7      | Reached ****** piety under Uskayaw
  6238 | D:7      | Killed from afar by an oklob plant

Illustrated notes

Levels and vault maps discovered:
D:1:      kennysheep_arrival_forest, layout_basic, minmay_misc_feat_doors,
          minmay_pentomino_q2
D:2:      layout_loops_ring, fiery_altar_vehumet, minmay_divided_ellipse,
          uniq_natasha, uniq_sigmund, uniq_crazy_yiuf_cottage, uniq_robin
D:3:      layout_loops_ring, lemuel_round_altar, nicolae_overflow_hidden_temple,
          serial_bayou_crossing
D:4:      layout_rooms, elyvilon_altar_3, lemuel_coloured_pillars_altar,
          ebering_ghost_disaster_area
D:5:      layout_loops_ring, cheibriados_altar_1
D:6:      layout_layer_cave, zin_treasury, minivault_19,
          okawaru_ov_weapons_minmay
D:7:      lemuel_slime, layout_basic, lemuel_doored_altar, lemuel_round_altar,
          minmay_temple_entry_crystal_x, lemuel_centaur_altar
Temple:   nicolae_temple_figure_zero

Skill      XL: |  1  2  3  4  5  6  7  8  9 |
---------------+----------------------------+-----
Dodging        | 1 2 3 4 5 6 |  6.2
Fighting       | 4 5 6 7 |  7.9
Shields        | 4 5 6 7 |  7.9
Armour         | 4 5 6 7 |  7.9
Long Blades    | 3 4 5 6 7 |  7.4

Action                   |  1- 3 |  4- 6 |  7- 9 || total
-------------------------+-------+-------+-------++-------
Melee: Long sword        |    73 |   112 |   345 ||   530
       Headbutt          |    11 |    18 |    62 ||    91
  Use: Scroll            |     3 |     7 |     9 ||    19
       Potion            |       |       |     1 ||     1
 Stab: Paralysed         |       |       |     2 ||     2
Armor: Scale mail        |    49 |    55 |   138 ||   242
Dodge: Dodged            |    34 |    43 |   124 ||   201
Block: Kite shield       |    56 |    92 |   170 ||   318
       Rpst.: Long sword |     6 |    16 |    37 ||    59
